 Dungeon Crawl Stone Soup version 0.32-a0-12-g7fc57aa741 (webtiles) character file.

Game seed: 9426891429724186077

379 innerfire43 the Trooper (level 6, -3/51 HPs)
             Began as a Demonspawn Wanderer on Jan 11, 2024.
             Was a Follower of Wu Jian.
             Slain by an orc warrior
             ... wielding a +0 battleaxe
              (16 damage)
             ... on level 5 of the Dungeon on Jan 14, 2024.
             The game lasted 00:07:24 (4547 turns).

innerfire43 the Trooper (Demonspawn Wanderer)       Turns: 4547, Time: 00:07:25

Health: -3/51      AC:  9    Str: 13 (15) XL:     6   Next: 45%
Magic:  10/10      EV: 10    Int:  8 (10) God:    Wu Jian [*.....]
Gold:   217        SH:  0    Dex: 12 (14) Spells: 10/11 levels left

rFire   . . .        a - +0 club
rCold   . . .        (no shield)
rNeg    . . .        h - +0 scale mail
rPois   .            p - +0 helmet
rElec   .            (no cloak)
rCorr   .            (no gloves)
SInv    .            (no boots)
Will    .....        (no amulet) Stlth
                     (no ring)
HPRegen 0.28/turn    (no ring)
MPRegen 0.12/turn

%: no passive effects
@: hasted, very quick
A: hooves 1, yellow scales 1
a: Renounce Religion


You were on level 5 of the Dungeon.
You worshipped Wu Jian.
Wu Jian was aware of your devotion.
You visited 1 branch of the dungeon, and saw 5 of its levels.

You collected 217 gold pieces.

Inventory:

Hand Weapons
 a - a +0 club (weapon)
Armour
 d - a +0 leather armour
 h - a +0 scale mail (worn)
 p - a +0 helmet (worn)
Wands
 b - a wand of flame (4)
 k - a wand of iceblast (1)
 o - a wand of polymorph (9)
Scrolls
 c - 3 scrolls of teleportation
 e - a scroll of noise
 i - a scroll of identify
 j - a scroll of fog
 n - 3 scrolls of revelation
Potions
 l - a potion of curing


   Skills:
 + Level 5.6 Fighting
 + Level 4.3 Dodging
 - Level 3.0 Spellcasting
 - Level 2.0 Evocations


You had 10 spell levels left.
You knew the following spells:

 Your Spells              Type           Power      Damage    Failure   Level
a - Sandblast             Erth           2%         2d4       85%         1

Your spell library contained the following spells:

 Spells                   Type           Power      Damage    Failure   Level
 Ensorcelled Hibernation  Hex/Ice        2%         N/A       94%         2
 Mercury Vapours          Alch/Air       2%         N/A       94%         2
 Gell's Gravitas          Tloc           1%         N/A       99%         3
 Mephitic Cloud           Conj/Alch/Air  1%         N/A       99%         3
 Teleport Other           Tloc           1%         N/A       99%         3
 Dispersal                Tloc           0%         N/A       100%        6


Dungeon Overview and Level Annotations

Branches:
Dungeon (5/15)
 Temple: D:4-7

Altars:
Wu Jian


Innate Abilities, Weirdness & Mutations

You have large cloven feet.
You are partially covered in yellow scales. (AC +2)


Message History

The phantom hits you but does no damage.
You barely miss the phantom.
The phantom is lightly damaged.
The phantom hits you.
The phantom blinks!
You blink.
You hit the phantom. You kick the phantom, but do no damage.
The phantom is moderately damaged.
The phantom closely misses you.
You hit the phantom. Your kick misses the phantom.
The phantom is moderately damaged.
The phantom hits you.
You barely miss the phantom.
The phantom is moderately damaged.
The phantom hits you but does no damage.
You hit the phantom. You kick the phantom.
The phantom is heavily damaged.
You hit the phantom but do no damage.
The phantom is heavily damaged.
The phantom hits you. The orc warrior closely misses you.
You hit the phantom but do no damage. You kick the phantom, but do no damage.
The phantom is heavily damaged.
The phantom hits you but does no damage.
The orc warrior barely misses you.
You hit the phantom. Your kick misses the phantom.
The phantom is heavily damaged.
The phantom hits you but does no damage.
The orc warrior hits you with a +0 battleaxe!
* * * LOW HITPOINT WARNING * * *
You closely miss the phantom. Your kick misses the phantom.
The phantom is heavily damaged.
The phantom misses you. The orc warrior barely misses you.
You closely miss the phantom. Your kick misses the phantom.
The phantom is heavily damaged.
The phantom barely misses you.
The orc warrior hits you with a +0 battleaxe.
* * * LOW HITPOINT WARNING * * *
You closely miss the phantom. You kick the phantom, but do no damage.
The phantom is heavily damaged.
The phantom hits you but does no damage.
The orc warrior hits you with a +0 battleaxe!
You die...

#########
#......@###
#.####W#o......
#!# #.o...#####
###.###.#.#.#
#..<..)...#.#
#.#.###.#.... #
#.# # .. ## ..#
## ....


You could see an orc warrior, a phantom and an orc.

Vanquished Creatures
  A scorpion (D:4)
  A hound (D:4)
  Terence (D:2)
  Natasha (thrice) (D:3)
  12 adders
  3 dart slugs
  A ribbon worm (D:2)
  6 orcs
  5 endoplasms
  A giant cockroach (D:1)
  3 goblins
  6 hobgoblins
  4 jackals (D:1)
  5 quokkas
  4 ball pythons
  7 bats
  9 frilled lizards
  5 kobolds
  3 rats
80 creatures vanquished.

Notes
Turn   | Place    | Note
-------+----------+-------------------------------------------
     0 | D:1      | innerfire43 the Demonspawn Wanderer began the quest for the
                  | Orb.
     0 | D:1      | innerfire43 set off with the following items: a +0 club, a
                  | wand of flame (7), a scroll of teleportation, a +0 leather
                  | armour, a potion of curing; and the following spell
                  | memorised: Sandblast; and the following spells available to
                  | memorise: Ensorcelled Hibernation, Mercury Vapours,
                  | Mephitic Cloud.
     0 | D:1      | Reached XP level 1. HP: 18/18 MP: 4/4
   122 | D:1      | Gained mutation: You have large cloven feet. [demonic
                  | ancestry]
   122 | D:1      | Reached XP level 2. HP: 12/24 MP: 6/6
   970 | D:2      | HP: 1/24 [ribbon worm (4)]
  1062 | D:2      | Reached XP level 3. HP: 29/29 MP: 7/7
  1371 | D:2      | Reached skill level 4 in Fighting
  1384 | D:2      | HP: 2/45 [adder (2)]
  1394 | D:2      | Reached XP level 4. HP: 30/37 MP: 8/8
  1506 | D:2      | Noticed Terence
  1518 | D:2      | Killed Terence
  2176 | D:3      | Found a faded altar of an unknown god.
  2312 | D:3      | Prayed at the altar of an unknown god.
  2312 | D:3      | Became a worshipper of the Wu Jian Council
  2312 | D:3      | Reached * piety under Wu Jian
  2503 | D:3      | Noticed Natasha
  2513 | D:3      | Killed Natasha
  2514 | D:3      | Gained mutation: You are partially covered in yellow
                  | scales. (AC +2) [demonic ancestry]
  2514 | D:3      | Reached XP level 5. HP: 40/43 MP: 9/9
  3050 | D:3      | Noticed Natasha
  3065 | D:3      | Killed Natasha
  3066 | D:3      | Reached skill level 5 in Fighting
  3407 | D:3      | Noticed Natasha
  3424 | D:3      | Killed Natasha
  3630 | D:4      | Reached XP level 6. HP: 17/51 MP: 10/10
  4487 | D:4      | Upgraded the game from 0.31-a0-1620-gcbf77bbcfc to
                  | 0.32-a0-12-g7fc57aa741
  4512 | D:5      | Entered Level 5 of the Dungeon
  4515 | D:5      | Noticed an orc warrior
  4547 | D:5      | Slain by an orc warrior

Illustrated notes

Levels and vault maps discovered:
D:1:      mainiacjoe_arrival_oval_in_oval, layout_loops_ring,
          roderic_roman_lattice, serial_bayou_lake_a
D:2:      layout_loops_ring, hangedman_decor_push,
          nicolae_kite_square_tiling_tiny, minmay_bisected, uniq_terence
D:3:      layout_basic, ebering_ecumenical_altar_petrified, grunt_ministairs_4,
          minmay_misc_feat_tiny, nrook_campfire, uniq_natasha
D:4:      layout_basic, chequers_garden
D:5:      layout_loops_ring, okawaru_ov_weapons_minmay,
          minmay_temple_entry_enclosed_plants, serial_shops, shop,
          amcnicky_mini_corridor_feature

Skill      XL: |  1  2  3  4  5 |
---------------+----------------+-----
Dodging        | 2 3 4 |  4.3
Fighting       | 4 5 |  5.6
Spellcasting   | |  3.0
Evocations     | |  2.0

Action                     |  1- 3 |  4- 6 || total
---------------------------+-------+-------++-------
  Melee: Club              |   153 |   274 ||   427
         Kick              |    24 |    75 ||    99
         Unarmed           |       |    10 ||    10
         Punch             |       |     7 ||     7
Ability: Whirlwind         |       |     2 ||     2
         Lunge             |       |     3 ||     3
  Evoke: Wand              |       |     5 ||     5
    Use: Potion            |     4 |     5 ||     9
         Scroll            |       |     4 ||     4
   Stab: Sleeping          |     1 |       ||     1
 Armour: Leather armour    |    59 |       ||    59
         Scale mail        |    39 |   250 ||   289
         Skin              |     9 |     9 ||    18
  Dodge: Dodged            |   102 |   212 ||   314

Table legend: (Time is in decaauts)
 A = Elapsed time spent in this place.
 B = Non-inter-level travel time spent in this place.
 C = Inter-level travel time spent in this place.
 D = Time resting spent in this place.
 E = Time spent auto-exploring this place.
 F = Levels seen in this place.
 G = Mean time per level.
                   A        B        C        D        E       F      G
               +--------+--------+--------+--------+--------+-----+--------+
         Total |   4691 |   4653 |     38 |      0 |   3474 |   5 |  938.2 |
       Dungeon |   4691 |   4653 |     38 |      0 |   3474 |   5 |  938.2 |
               +--------+--------+--------+--------+--------+-----+--------+

Top non-repeatable levels by time:
     D:3: 1449 daAuts
     D:2: 1229 daAuts
     D:1: 1005 daAuts
     D:4: 971 daAuts
     D:5: 36 daAuts
